Map: Blackpink LE

Players

ROBOTOSS - Winner!

  • Race: Protoss Protoss
  • League: Diamond
  • Spawn Location: 1:00

iIlIlilIllil

  • Race: Zerg Zerg
  • League: Diamond
  • Spawn Location: 7:00

VOD

Have the link to the VOD?

Description

Time

  • Played on: Dec. 22, 2017, 12:45 a.m.
  • Length: 12:55
Show
View Real Time Build Order
Export as new Build Order

ROBOTOSS Protoss - Winner!

Build Orders: Cannon Rush 

Get SALT Encoding   

  12  0:00  Probe  
  13  0:13  Probe  
  14  0:23  Pylon  
  14  0:25  Probe (Chrono Boost)  
  16  0:43  Probe (Chrono Boost)  
  16  0:48  Forge, Probe (Chrono Boost)  
  17  1:03  Probe  
  18  1:11  Pylon  
  18  1:15  Probe  
  19  1:28  Probe  
  19  1:30  Photon Cannon  
  20  1:40  Probe  
  21  1:47  Photon Cannon  
  21  1:49  Photon Cannon  
  21  1:53  Photon Cannon  
  21  1:56  Probe  
  21  1:59  Assimilator  
  22  2:01  Assimilator  
  22  2:03  Assimilator  
  22  2:16  Probe  
  22  2:21  Gateway, Photon Cannon  
  23  2:27  Pylon  
  23  2:28  Probe  
  24  2:38  Pylon  
  24  2:40  Probe  
  25  2:52  Probe  
  26  3:02  Nexus  
  26  3:09  Pylon  
  26  3:29  Cybernetics Core  
  26  3:33  Probe (Chrono Boost)  
  27  3:35  Assimilator  
  27  3:39  Assimilator  
  28  3:42  Probe (Chrono Boost)  
  28  3:44  Photon Cannon  
  28  3:47  Probe (Chrono Boost)  
  29  4:06  Stargate x2  
  30  4:17  Probe  
  30  4:24  Probe  
  30  4:29  Probe  
  32  4:36  Probe  
  33  4:43  Photon Cannon, Pylon  
  33  4:47  Void Ray (Chrono Boost)  
  37  4:54  Void Ray (Chrono Boost)  
  41  5:06  Photon Cannon  
  41  5:20  Void Ray (Chrono Boost)  
  41  5:27  Void Ray (Chrono Boost)  
  41  5:59  Void Ray  
  45  6:16  Void Ray  
  49  6:20  Pylon  
  49  7:01  Pylon  
  49  7:03  Pylon  
  49  7:16  Pylon  
  49  7:27  Pylon  
  49  7:34  Void Ray  
  53  7:45  Void Ray  
  57  8:11  Fleet Beacon  
  57  8:46  Stargate  
  57  9:05  Tempest  
  63  9:10  Pylon  
  63  9:13  Pylon  
  63  9:18  Pylon  
  63  9:26  Tempest  
  63  9:29  Tempest  
  75  9:35  Pylon  
  75  9:38  Pylon  
  75  9:53  Tempest  
  81  10:25  Tempest  
  87  11:00  Tempest  
  72  12:08  Probe  
  72  12:09  Void Ray  
  72  12:10  Void Ray  
  81  12:20  Probe  
Show
View Real Time Build Order
Export as new Build Order

iIlIlilIllil Zerg 

Build Orders: Hatch First, Roach Nydus 

Get SALT Encoding   

  12  0:02  Drone  
  13  0:13  Overlord  
  13  0:17  Drone  
  14  0:31  Drone x2  
  16  0:40  Drone  
  17  0:53  Hatchery  
  17  0:56  Drone  
  17  1:00  Drone  
  18  1:12  Extractor  
  18  1:14  Spawning Pool  
  17  1:18  Drone  
  17  1:21  Drone  
  18  1:29  Drone  
  19  1:39  Overlord  
  19  1:51  Drone  
  20  2:02  Drone  
  20  2:03  Queen  
  20  2:05  Queen  
  25  2:14  Roach Warren  
  25  2:15  Drone  
  25  2:25  Zergling x4  
  26  2:39  Overlord  
  26  2:52  Drone  
  26  2:57  Roach  
  29  3:06  Roach, Extractor  
  29  3:10  Lair  
  30  3:18  Ravager  
  31  3:27  Ravager  
  32  3:33  Drone x2  
  34  3:47  Overlord x2  
  34  4:10  Nydus Network  
  34  4:12  Queen  
  35  4:20  Drone  
  35  4:21  Drone  
  37  4:30  Roach  
  39  4:33  Hatchery  
  38  4:50  Nydus Canal  
  38  4:52  Roach x2  
  42  4:58  Queen  
  44  5:00  Roach  
  46  5:10  Roach  
  46  5:27  Ravager  
  46  5:28  Roach x2  
  51  5:46  Roach x2  
  55  6:01  Spore Crawler  
  55  6:02  Spore Crawler  
  55  6:03  Spore Crawler  
  52  6:09  Drone x4  
  58  6:12  Queen  
  58  6:45  Hydralisk Den  
  58  6:46  Spore Crawler  
  56  6:48  Spore Crawler  
  56  6:51  Overlord x3  
  56  6:52  Overlord x3  
  55  7:06  Overlord  
  55  7:16  Muscular Augments  
  55  7:45  Hydralisk  
  57  7:52  Hatchery  
  56  8:00  Hydralisk x2  
  60  8:35  Hatchery  
  60  8:38  Hydralisk  
  61  8:44  Overseer  
  61  8:50  Overseer  
  61  9:01  Hydralisk  
  63  9:08  Hydralisk  
  65  9:23  Extractor  
  64  9:33  Extractor  
  63  9:39  Hydralisk x2  
  63  9:44  Drone x2  
  69  10:07  Drone x2  
  71  10:08  Spore Crawler  
  70  10:19  Drone x2  
  67  11:19  Hydralisk  
  67  11:20  Hydralisk  
  43  12:03  Drone x3  
  43  12:04  Drone x3  
  36  12:15  Hydralisk  
Tags
 
Add a new tag
Caveats
  • Supply blocks, unpowered buildings, or Contaminate may cause inaccurate times.
  • Supply counts are checked every 10 seconds.